Map: Überwucherte Anlage

Players

RiseAgainst - Winner!

  • Race: Terran Terran
  • League: Diamond
  • Spawn Location: 7:00

Panda - Winner!

  • Race: Zerg Zerg
  • League: Diamond
  • Spawn Location: 9:00

Razaac

  • Race: Terran Terran
  • League: Diamond
  • Spawn Location: 3:00

Lapin

  • Race: Terran Terran
  • League: Diamond
  • Spawn Location: 1:00

VOD

Have the link to the VOD?

Description

Time

  • Played on: Sept. 6, 2017, 5:38 p.m.
  • Length: 11:48
Show
View Real Time Build Order
Export as new Build Order

RiseAgainst Terran - Winner!

Build Orders: Cyclone Opening, MMM Bio 

Get SALT Encoding   

  12  0:00  SCV  
  13  0:13  SCV  
  14  0:18  Supply Depot  
  14  0:25  SCV  
  15  0:40  SCV  
  15  0:41  Barracks  
  16  0:46  Refinery  
  16  0:52  SCV  
  17  1:04  SCV  
  18  1:16  SCV  
  19  1:28  Orbital Command  
  19  1:43  Command Center  
  19  1:54  Factory  
  19  2:00  SCV  
  20  2:03  Marine  
  21  2:10  Supply Depot  
  20  2:15  Refinery  
  20  2:17  SCV  
  20  2:21  Marine  
  22  2:29  SCV  
  23  2:39  Cyclone  
  23  2:41  SCV  
  23  2:43  Marine  
  28  2:53  SCV  
  29  3:01  Orbital Command  
  29  3:05  SCV  
  30  3:13  Barracks Tech Lab  
  30  3:17  SCV  
  30  3:19  Cyclone  
  34  3:29  SCV  
  34  3:31  Barracks x2, SCV  
  36  3:36  Marine  
  36  3:37  Stimpack  
  37  3:45  SCV x2  
  38  4:08  Marine  
  38  4:09  SCV x2  
  41  4:14  Factory Reactor  
  41  4:18  Starport, Supply Depot  
  41  4:19  Engineering Bay  
  41  4:21  SCV  
  41  4:22  Engineering Bay  
  42  4:25  SCV  
  42  4:27  Barracks Reactor  
  42  4:29  Barracks Reactor  
  43  4:33  SCV  
  43  4:37  SCV  
  45  4:47  SCV  
  45  4:49  SCV  
  45  5:08  Terran Infantry Armor Level 1, Terran Infantry Weapons Level 1  
  45  5:12  Medivac  
  45  5:13  Marine x4  
  45  5:14  Marine  
  52  5:18  Factory Tech Lab, Armory  
  52  5:19  Supply Depot  
  52  5:20  SCV x2, Refinery  
  54  5:21  Refinery  
  54  5:40  Marine x5  
  59  5:43  Supply Depot  
  59  5:44  Supply Depot  
  49  6:05  Marine x5  
  49  6:07  Medivac x2  
  49  6:08  Combat Shields  
  58  6:19  Supply Depot x2  
  58  6:22  Marine  
  58  6:23  Marine  
  58  6:25  SCV x2  
  62  6:26  Command Center  
  59  6:38  Viking x2  
  57  6:50  SCV  
  57  6:51  SCV  
  59  7:03  Marine x5, SCV x2  
  59  7:07  Terran Infantry Weapons Level 2  
  66  7:15  SCV x2  
  68  7:16  Terran Infantry Armor Level 2  
  68  7:21  Marine  
  69  7:27  SCV  
  69  7:28  SCV  
  71  7:30  Marine x2  
  71  7:31  Marine x2  
  71  7:32  Medivac  
  77  7:37  Orbital Command  
  77  7:38  Marine  
  77  7:39  SCV  
  77  7:42  SCV  
  80  7:46  Siege Tank  
  80  7:48  Marine  
  84  7:51  SCV  
  84  7:53  Marine x2  
  84  7:54  Marine, SCV  
  89  8:03  SCV  
  84  8:35  Marine x5  
  84  8:39  Siege Tank  
  85  8:53  Marine x4  
  85  8:55  Missile Turret  
  84  8:57  Missile Turret x2  
  79  9:08  Marine  
  79  9:09  SCV x3  
  83  9:10  Marine  
  83  9:11  Marine  
  83  9:14  Refinery  
  83  9:16  Marine x2  
  87  9:17  Medivac x2  
  87  9:21  Barracks, Siege Tank, Terran Vehicle Weapons Level 1, SCV x2  
  87  9:23  Barracks  
  96  9:24  Barracks, Supply Depot  
  96  9:25  Supply Depot  
  96  9:26  Marine  
  96  9:28  Marine  
  98  9:35  Marine x2  
  98  9:36  Marine  
  101  9:44  Marine  
  102  9:46  Marine  
  103  9:53  Marine x3  
  103  10:03  Marine  
  103  10:04  Marine  
  105  10:08  Siege Tank, Concussive Shells  
  105  10:09  SCV x3  
  105  10:11  Marine  
  112  10:14  Refinery  
  112  10:21  SCV  
  112  10:24  Command Center  
  112  10:49  Marine x6  
  110  10:50  Barracks Reactor  
  110  10:52  Siege Tank  
  103  11:30  Marine  
  103  11:31  Barracks Reactor x2  
Show
View Real Time Build Order
Export as new Build Order

Panda Zerg - Winner!

Build Orders: Pool First 

Get SALT Encoding   

  12  0:01  Drone  
  13  0:19  Extractor  
  12  0:25  Drone  
  13  0:30  Spawning Pool  
  13  0:33  Drone  
  13  0:56  Drone  
  14  1:00  Overlord  
  14  1:18  Queen  
  16  1:20  Drone x2, Zergling x2  
  19  1:30  Metabolic Boost  
  19  1:33  Zergling x2  
  20  1:47  Zergling x2  
  21  1:55  Zergling x2  
  22  2:08  Overlord  
  22  2:29  Zergling x8  
  26  2:36  Spine Crawler  
  25  2:38  Spine Crawler  
  24  2:46  Zergling x2  
  25  3:11  Zergling x4  
  25  3:12  Zergling x6  
  30  3:29  Overlord  
  28  4:08  Zergling x2  
  28  4:09  Zergling x10  
  34  4:32  Zergling x8  
  34  4:33  Hatchery  
  37  4:41  Hatchery  
  27  6:03  Drone  
  26  6:05  Drone x2  
  26  6:06  Queen  
  26  6:09  Drone x5  
  35  6:20  Drone x2  
  37  6:26  Roach Warren  
  37  6:28  Drone  
  36  7:00  Drone  
  36  7:01  Drone x5  
  42  7:04  Extractor, Drone  
  42  7:05  Overlord  
  42  7:08  Extractor  
  42  7:10  Extractor  
  40  7:21  Overlord x4  
  40  7:27  Lair  
  40  7:29  Hatchery  
  39  7:34  Drone x4  
  43  7:44  Drone x2  
  43  7:45  Drone x2  
  47  8:14  Spine Crawler  
  47  8:16  Spore Crawler  
  45  8:25  Glial Reconstitution  
  45  8:32  Hatchery  
  44  8:34  Roach  
  44  8:35  Roach x8  
  62  8:42  Drone  
  62  8:43  Drone x2  
  65  9:03  Overseer  
  65  9:04  Overseer  
  65  9:17  Drone x6  
  65  9:19  Roach  
  65  9:20  Roach  
  65  9:24  Overlord x3  
  75  9:32  Overlord x3  
  69  10:06  Hatchery  
  68  10:08  Drone x4  
  68  10:10  Hatchery  
  68  10:13  Infestation Pit  
  70  10:17  Roach x3  
  76  10:49  Roach  
  80  10:50  Roach x5  
  80  10:51  Roach x3  
  90  11:16  Roach  
  90  11:17  Roach x4  
Show
View Real Time Build Order
Export as new Build Order

Razaac Terran 

Build Orders:  

Get SALT Encoding   

  12  0:01  SCV  
  13  0:13  SCV  
  14  0:19  Supply Depot  
  14  0:25  SCV  
  15  0:40  SCV  
  15  0:41  Barracks  
  16  0:46  Refinery  
  16  0:52  SCV  
  17  1:04  SCV  
  18  1:12  Barracks  
  18  1:16  SCV  
  19  1:29  SCV  
  20  1:34  Barracks  
  20  1:37  Refinery  
  20  1:38  Reaper  
  21  1:49  Supply Depot  
  21  1:55  SCV  
  21  2:01  Reaper  
  23  2:14  Reaper  
  24  2:17  SCV  
  24  2:21  Supply Depot  
  25  2:23  Reaper  
  25  2:29  SCV  
  27  2:36  Reaper  
  29  3:05  Orbital Command  
  29  3:11  Factory  
  30  3:18  Marine x2, Barracks Reactor  
  29  3:36  Command Center, Marine, SCV  
  31  3:48  SCV  
  32  4:16  Starport  
  32  4:20  Supply Depot, Marine x3, Hellion x2  
  39  4:42  SCV, Hellion x2  
  44  4:46  Supply Depot  
  44  4:52  Marine x3  
  47  4:54  Medivac, SCV  
  50  5:03  Orbital Command  
  50  5:12  Cyclone  
  53  5:16  Cyclone  
  56  5:22  SCV  
  57  5:30  Engineering Bay  
  57  5:32  Medivac  
  59  5:44  Cyclone  
  59  5:49  SCV x2  
  64  6:12  Marine x3  
  64  6:14  Hellion  
  64  6:15  SCV  
  70  6:20  Supply Depot  
  70  6:21  Missile Turret  
  70  6:41  Marine, SCV  
  70  6:42  Hellion  
  72  6:48  SCV  
  72  6:54  SCV  
  66  6:55  Marine  
  66  6:56  Marine  
  66  6:58  Starport Tech Lab  
  66  7:00  SCV  
  69  7:01  Missile Turret  
  69  7:04  Supply Depot  
  69  7:06  SCV  
  70  7:09  Supply Depot  
  70  7:13  SCV  
  71  7:19  SCV  
  71  7:20  Banshee  
  71  7:21  Cloaking Field  
  75  7:23  Barracks Reactor x2, Barracks Tech Lab  
  75  7:25  Widow Mine x2  
  79  7:32  Supply Depot  
  79  7:44  Stimpack  
  79  7:48  SCV x2  
  81  7:55  Command Center  
  81  8:03  Refinery  
  73  8:06  Marine x4  
  77  8:18  Engineering Bay  
  77  8:21  SCV  
  50  8:45  SCV x2  
  50  8:48  Viking  
  54  9:02  Marine x2  
  53  9:10  SCV x3  
  56  9:18  Viking  
  56  9:24  Engineering Bay  
  58  9:33  Orbital Command  
  58  9:34  Marine x4  
  58  9:35  Marauder  
  64  9:38  SCV x2  
  64  9:42  Widow Mine x2  
  70  9:48  Medivac  
  70  9:49  Combat Shields  
  70  9:52  Marine x4  
  76  9:53  SCV  
  76  9:55  SCV  
  78  10:01  Missile Turret  
  78  10:05  SCV  
  45  11:16  SCV x2  
  45  11:17  Marine x4  
  53  11:18  Marauder  
  59  11:28  Command Center  
Show
View Real Time Build Order
Export as new Build Order

Lapin Terran 

Build Orders: MMM Bio 

Get SALT Encoding   

  12  0:01  SCV  
  13  0:18  SCV  
  13  0:20  Supply Depot  
  14  0:30  SCV  
  15  0:43  Barracks  
  15  0:44  SCV  
  15  0:46  Refinery  
  16  0:57  SCV  
  17  1:02  Barracks  
  17  1:09  SCV  
  18  1:20  Barracks  
  18  1:29  Supply Depot  
  18  1:40  Refinery, Reaper  
  18  1:45  SCV  
  20  1:53  Reaper  
  21  1:57  SCV  
  22  2:08  Reaper  
  23  2:09  SCV  
  24  2:16  Reaper  
  25  2:25  Orbital Command  
  25  2:28  Reaper  
  26  2:40  Reaper  
  27  2:45  Supply Depot  
  27  2:48  Reaper  
  28  3:25  Command Center, Barracks Reactor  
  27  3:27  Barracks Tech Lab  
  27  3:29  Barracks Tech Lab  
  26  3:38  Factory, SCV  
  27  3:46  Combat Shields  
  27  3:51  SCV  
  27  4:08  Marine x4  
  29  4:11  Stimpack  
  29  4:17  SCV  
  29  4:21  Factory Reactor  
  30  4:25  Starport  
  30  4:29  Marine x3, SCV  
  30  4:30  Marine  
  35  4:44  SCV x2  
  37  4:56  SCV x2  
  39  5:12  Orbital Command  
  37  5:18  Engineering Bay  
  37  5:22  Medivac x2  
  37  5:24  Marine, Engineering Bay, Marauder x2  
  37  5:27  Marine  
  47  5:33  SCV  
  48  5:45  SCV  
  48  5:46  Marauder x2  
  53  5:51  Marine  
  46  6:06  Supply Depot  
  46  6:17  Supply Depot  
  46  6:20  Refinery  
  46  6:21  Supply Depot  
  46  6:27  Medivac x2, Marine x2, SCV x2, Concussive Shells  
  54  6:36  Barracks  
  54  6:38  Marine x2  
  54  6:39  SCV  
  57  6:45  Marine x2  
  59  6:57  Medivac x2  
  59  6:58  Terran Infantry Weapons Level 1  
  63  7:17  SCV x2  
  63  7:21  Supply Depot  
  65  7:23  Supply Depot x3  
  65  7:27  Marine, Marauder x2  
  65  7:29  Barracks Reactor  
  70  7:39  Terran Infantry Armor Level 1  
  70  7:42  Supply Depot, Marine  
  70  7:43  SCV x2  
  73  7:44  Marine  
  73  7:48  Marauder x2  
  78  7:55  SCV x2  
  78  7:56  Command Center  
  80  8:00  Marine  
  80  8:02  Marine  
  81  8:22  Marine x2  
  81  8:23  Marine x4  
  87  8:35  Armory  
  87  8:40  Marine x3  
  92  9:02  Marauder  
  92  9:03  Marine x4, Marauder  
  92  9:06  SCV  
  92  9:09  SCV  
  98  9:12  Refinery  
  98  9:18  SCV  
  98  9:20  Missile Turret, Marine, Planetary Fortress  
  98  9:21  Marine x3, SCV  
  98  9:22  Missile Turret  
  98  9:24  Marauder x2  
  108  9:26  Missile Turret  
  108  9:30  SCV  
  109  9:33  SCV  
  110  9:38  Marine  
  110  9:42  SCV  
  110  9:45  SCV  
  106  9:55  SCV  
  106  9:57  SCV  
  80  10:00  Marine x2  
  80  10:01  Marine x4  
  81  10:11  Factory Tech Lab, Medivac x2  
  85  10:15  SCV x3  
  85  10:18  Marine x6  
  94  10:36  Marine x6  
  97  10:54  Marine x6  
  94  11:02  Medivac x2  
  67  11:11  Marine  
  67  11:12  Marine x3  
  67  11:14  Siege Tank  
  67  11:15  Marine  
  74  11:19  Marine  
  64  11:30  Marine x2  
Tags
 
Add a new tag
Caveats
  • Supply blocks, unpowered buildings, or Contaminate may cause inaccurate times.
  • Supply counts are checked every 10 seconds.